[Event "*** Titled Tuesday Blitz"]
[Site "Chess.com"]
[Date "2019.02.05"]
[Round "1"]
[White "Veiso"]
[Black "sergoy"]
[Result "0-1"]
[WhiteElo "2396"]
[BlackElo "2811"]
[TimeControl "180+2"]
[EndTime "13:05:50 PST"]
[Termination "sergoy won by resignation"]

1. Nf3 Nf6 2. g3 g6 3. Bg2 Bg7 4. O-O O-O 5. d4 d5 6. b3 c5 7.
e3 Nc6 8. Bb2 Ne4 9. Qc1 cxd4 10. Nxd4 e5 11. Nxc6 bxc6 12. c4 Bf5 13. Rd1 Nc5 14.
cxd5 Nd3 15. Rxd3 Bxd3 16. dxc6 Rc8 17. Qc5 Qb6 18. Qxb6 axb6 19. Nd2 e4 20. Bxg7 Kxg7 21. Rc1 f5 22. f3 Rf6 23. fxe4 fxe4 24. Nxe4 Rfxc6 25. Rd1 Rc1 26. Rxc1 Rxc1+ 27. Kf2 Rc2+ 28. Kg1 Rxg2+ 29.
Kxg2 Bxe4+ 30. Kf2 b5 31. a4 b4 32. a5 g5 33. h4 g4 34. a6 h5 35. Ke2 Kf6 36.
Kd2 Ke5 37. a7 Kd6 38. Ke2 Kc5 39. Kd2 Kb6 40. a8=Q Bxa8 41. Kd3 Bd5 42. Kc2 Kc5 43.
Kb2 Kd6 0-1

[Event "*** Titled Tuesday Blitz"]
[Site "Chess.com"]
[Date "2019.02.05"]
[Round "1"]
[White "jncool68"]
[Black "Eliwood44"]
[Result "1-0"]
[WhiteElo "2544"]
[BlackElo "2161"]
[TimeControl "180+2"]
[EndTime "13:06:03 PST"]
[Termination "jncool68 won by resignation"]

1. e4 e5 2. Nf3 Nc6 3. Bb5 g6 4. c3 a6 5. Ba4 Bg7 6. d4 exd4 7.
cxd4 b5 8. Bc2 Nge7 9. d5 Nb4 10. Bb3 a5 11. a3 Na6 12. Nc3 Nc5 13. Bc2 Ba6 14.
Be3 Na4 15. Nxa4 bxa4 16. Bd4 Bxd4 17. Qxd4 O-O 18. h4 c5 19. Qc3 Re8 20. O-O-O Qb8 21. h5 Qf4+ 22. Kb1 Be2 23. Rh4 Qb8 24. Rdh1 Bxf3 25.
gxf3 g5 26. h6 Nf5 27. exf5 Re5 28. Rg4 f6 29. f4 1-0

[Event "*** Titled Tuesday Blitz"]
[Site "Chess.com"]
[Date "2019.02.05"]
[Round "1"]
[White "Konavets"]
[Black "Bayernbk"]
[Result "1-0"]
[WhiteElo "2826"]
[BlackElo "2396"]
[TimeControl "180+2"]
[EndTime "13:06:11 PST"]
[Termination "Konavets won by resignation"]

1. c4 e6 2. g3 d5 3. Bg2 Nf6 4. Nf3 Be7 5. O-O O-O 6. b3 c6 7. Bb2 b6 8. d4 Bb7 9. Nc3 Na6 10. Rc1 Rc8 11. Ne5 Nd7 12. Nxd7 Qxd7 13. e4 Nc7 14. e5 c5 15. cxd5 Nxd5 16. dxc5 Bxc5 17. Nxd5 Bxd5 18. Bxd5 Qxd5 19. Qxd5 exd5 20. Rfd1 Rfd8 21. Kg2 Kf8 22. f4 g6 23. Kf3 h5 24. Rc2 Ke7 25.
Rdc1 Kd7 26. Ke2 Be7 27. Kd3 Rxc2 28. Rxc2 Rc8 29. Rxc8 Kxc8 30. Kd4 Bc5+ 31. Kxd5 Bg1 32. h3 Bh2 33. e6 fxe6+ 34. Kxe6 Bxg3 35. Kf6 Bxf4 36. Kxg6 h4 37. Bf6 Bg3 38. Kh5 a5 39. Bxh4 Be5 40.
Kg6 Kd7 41. Bf6 Bf4 42. h4 a4 43. bxa4 Ke6 44. h5 Be3 45. Bg5 Bd4 46. h6 1-0

[Event "*** Titled Tuesday Blitz"]
[Site "Chess.com"]
[Date "2019.02.05"]
[Round "1"]
[White "Satscho"]
[Black "nubair1198"]
[Result "0-1"]
[WhiteElo "2299"]
[BlackElo "2673"]
[TimeControl "180+2"]
[EndTime "13:06:14 PST"]
[Termination "nubair1198 won by resignation"]

1. e4 g6 2. d4 Bg7 3. Nc3 c6 4. h3 d6 5. Nf3 Nf6 6. Be2 O-O 7. O-O Nbd7 8. a4 e5 9. Be3 Qe7 10. dxe5 dxe5 11. a5 Nc5 12. Nd2 Rd8 13. Qc1 Ne6 14. Na4 Nd4 15. Bd3 Nh5 16. c3 Nb3 17.
Nxb3 Rxd3 18. a6 b6 19. Bxb6 Bxh3 20. Be3 Bc8 21. Nac5 Rd8 22. Rd1 Rxd1+ 23. Qxd1 Nf4 24. Bxf4 exf4 25. Nd4 Qxc5 26. Nxc6 Qxc6 27. Qd8+ Bf8 28. Rd1 Bg4 29. Qd5 Rc8 30. Rd4 f3 31. gxf3 Bxf3 0-1

[Event "*** Titled Tuesday Blitz"]
[Site "Chess.com"]
[Date "2019.02.05"]
[Round "1"]
[White "leoo2001"]
[Black "dmosesov"]
[Result "1-0"]
[WhiteElo "2747"]
[BlackElo "2354"]
[TimeControl "180+2"]
[EndTime "13:06:19 PST"]
[Termination "leoo2001 won by resignation"]

1. e4 e5 2. Nf3 Nf6 3. Nxe5 d6 4. Nf3 Nxe4 5. d3 Nf6 6. d4 d5 7. c4 Bb4+ 8. Nc3 Nc6 9. Bd3 O-O 10. O-O dxc4 11.
Bxc4 Bg4 12. Be3 h6 13. h3 Bh5 14. g4 Bg6 15. Ne5 Nxe5 16. dxe5 Ne4 17. Nxe4 Bxe4 18. Qb3 c5 19. f3 Bg6 20. a3 Ba5 21. Bxc5 Bb6 22. Bxb6 axb6 23. Rad1 Qh4 24. Kg2 Rfe8 25.
Rfe1 Rad8 26. e6 fxe6 27. Rxe6 Rxe6 28. Bxe6+ Kh7 29. Bc4 Rxd1 30. Qxd1 Qf6 31. Qd2 Kh8 32. b4 Qc6 33. Qd8+ Qe8 34. Qxe8+ Bxe8 35. Bd5 g5 36. Bxb7 Kg7 37. Kg3 Kf6 38. f4 Bb5 39. h4 Bd3 40. a4 Ke7 41. fxg5 hxg5 42. h5 Kd6 43. Kf3 Ke5 44. a5 bxa5 45. bxa5 Kd6 46. h6 1-0

[Event "*** Titled Tuesday Blitz"]
[Site "Chess.com"]
[Date "2019.02.05"]
[Round "1"]
[White "DanielMieles1985"]
[Black "HanSchut"]
[Result "1-0"]
[WhiteElo "2679"]
[BlackElo "2299"]
[TimeControl "180+2"]
[EndTime "13:06:24 PST"]
[Termination "DanielMieles1985 won by resignation"]

1. d4 Nf6 2. c4 g6 3. Nc3 d5 4. Nf3 Bg7 5. Qb3 dxc4 6. Qxc4 O-O 7. e4 Nfd7 8. Be3 a6 9. Rd1 b5 10. Qb3 c5 11. dxc5 Nc6 12. Be2 Bb7 13. O-O e6 14. Rd6 Qc7 15. Rfd1 Rfd8 16. Bf4 Nde5 17. Nxe5 Bxe5 18. Bxe5 Nxe5 19. a3 Rdc8 20. Qc2 Qxc5 21. Qd2 Nc4 22. Bxc4 Qxc4 23. h4 Qc5 24. Qf4 e5 25. Qf6 Rf8 26. h5 a5 27. h6 1-0

[Event "*** Titled Tuesday Blitz"]
[Site "Chess.com"]
[Date "2019.02.05"]
[Round "1"]
[White "Zhuu96"]
[Black "LucaBrasi1968"]
[Result "0-1"]
[WhiteElo "2854"]
[BlackElo "2463"]
[TimeControl "180+2"]
[EndTime "13:06:28 PST"]
[Termination "LucaBrasi1968 won by resignation"]

1. d4 f5 2. Nc3 d5 3. Bg5 g6 4. f3 Bg7 5. Qd2 Be6 6. O-O-O c6 7. Kb1 Nf6 8. Nh3 Nbd7 9. Nf4 Bf7 10. Nd3 O-O 11. h4 Nh5 12. Be3 Ng3 13. Rh3 Nxf1 14. Rxf1 e5 15. dxe5 Nxe5 16. Nxe5 Bxe5 17. Bd4 Qf6 18.
Bxe5 Qxe5 19. h5 d4 20. hxg6 Bxg6 21. Nd1 Rfe8 22. Re1 Rad8 23. g3 c5 24. b3 b5 25.
Qf4 Qd5 26. g4 fxg4 27. Qxg4 c4 28. e4 dxe3 29. Nxe3 Qd2 30. Qg1 cxb3 31. axb3 Rc8 32. Rh2 Qc3 33. Ka2 Qa5+ 34. Kb2 Qc3+ 35. Ka2 Qa5+ 36.
Kb2 Qc3+ 37. Ka2 Rc6 38. Kb1 Ra6 0-1

[Event "*** Titled Tuesday Blitz"]
[Site "Chess.com"]
[Date "2019.02.05"]
[Round "1"]
[White "pultineviciuspaulius"]
[Black "jamengrand"]
[Result "1-0"]
[WhiteElo "2635"]
[BlackElo "2282"]
[TimeControl "180+2"]
[EndTime "13:06:30 PST"]
[Termination "pultineviciuspaulius won by resignation"]

1. d4 Nf6 2. Nf3 e6 3. Bf4 b6 4. Nbd2 Bb7 5. e3 Bd6 6. Bg3 O-O 7.
Bd3 Nc6 8. c3 Qe7 9. Ne5 Bxe5 10. dxe5 Ne8 11. h4 f6 12. exf6 Nxf6 13. Bxc7 d6 14.
Bxd6 Qxd6 15. Nf3 Rad8 16. Nd4 Ne5 17. Be2 Bxg2 18. Rg1 Bb7 19. Qa4 Ne4 20. f4 Nf7 21. O-O-O Nc5 22. Qa3 Qe7 23. Bc4 Kh8 24. Bxe6 Nh6 25.
f5 Qxh4 26. Qxa7 Qe4 27. Qxb6 Qxe3+ 28. Kb1 Be4+ 29. Ka1 Nxe6 30. Qxe6 Rde8 31. Qd7 Nf7 32. Rde1 Qf4 33. Ne6 Qxf5 34. Nxf8 Qxd7 35. Nxd7 Nd6 36. Nc5 h5 37. Nxe4 Nxe4 38. a4 h4 39. a5 g5 40.
a6 Kg7 41. a7 Ra8 42. Rxe4 Rxa7+ 43. Kb1 Kg6 44. Rxh4 Re7 45. Rhg4 Re5 46. b4 Kf6 47.
Rxg5 Re3 48. Kb2 1-0

[Event "*** Titled Tuesday Blitz"]
[Site "Chess.com"]
[Date "2019.02.05"]
[Round "1"]
[White "kintoho"]
[Black "chesstatour"]
[Result "1-0"]
[WhiteElo "2496"]
[BlackElo "2023"]
[TimeControl "180+2"]
[EndTime "13:06:37 PST"]
[Termination "kintoho won by resignation"]

1. e4 c6 2. d4 d5 3. e5 c5 4. c4 cxd4 5. Qxd4 Nc6 6. Qxd5 Qxd5 7. cxd5 Nxe5 8. Bf4 Nd7 9. Nc3 g6 10. Nb5 Kd8 11.
O-O-O Bh6 12. Ne2 a6 13. Nbc3 Bxf4+ 14. Nxf4 Ngf6 15. f3 b6 16. d6 e6 17. Bd3 Nc5 18.
Bc2 Bd7 19. b4 Nb7 20. Rd2 Rc8 21. Kb2 Rc6 22. Rhd1 Rc4 23. Nd3 Nd5 24. Nxd5 exd5 25. Ne5 Rxb4+ 26. Ka3 Rf4 27. Rxd5 Re8 28. g3 Rf6 29. f4 Rfe6 30. Nc4 b5 31. Nb6 Bc6 32. R5d2 Re4 33. Bxe4 Rxe4 34. Rd4 Re3+ 35. R1d3 Re6 36. Nd5 Nxd6 37. Nb4 Ke7 38. Nxc6+ 1-0

[Event "*** Titled Tuesday Blitz"]
[Site "Chess.com"]
[Date "2019.02.05"]
[Round "1"]
[White "HajiyevKanan"]
[Black "rasmussvane"]
[Result "0-1"]
[WhiteElo "2343"]
[BlackElo "2735"]
[TimeControl "180+2"]
[EndTime "13:06:38 PST"]
[Termination "rasmussvane won by checkmate"]

1. d4 Nf6 2. Nf3 d5 3. c4 e6 4. cxd5 exd5 5. Nc3 c6 6. Bg5 Be7 7. Qc2 g6 8. e3 Bf5 9. Bd3 Bxd3 10. Qxd3 Nbd7 11.
O-O O-O 12. Rab1 Re8 13. Bh4 a5 14. Bg3 Nh5 15. Be5 Nxe5 16. Nxe5 Bd6 17. Nf3 Nf6 18. Rfc1 Qe7 19. Qc2 Kg7 20. a3 h6 21. h3 Rec8 22. b4 axb4 23. axb4 Bxb4 24. Na4 Rab8 25. Nb6 Rd8 26.
Ne5 Bd6 27. Nd3 Ne4 28. Rb3 Bc7 29. Rcb1 Qd6 30. Na4 Qh2+ 31. Kf1 Qh1+ 32. Ke2 Qxg2 33. Rxb7 Ba5 34. Nf4 Ng3+ 35. Kd3 Qe4# 0-1

[Event "*** Titled Tuesday Blitz"]
[Site "Chess.com"]
[Date "2019.02.05"]
[Round "1"]
[White "HrvojeZagreb"]
[Black "Alopekos"]
[Result "1-0"]
[WhiteElo "2128"]
[BlackElo "2497"]
[TimeControl "180+2"]
[EndTime "13:06:40 PST"]
[Termination "HrvojeZagreb won by resignation"]

1. d4 Nf6 2. Bf4 e6 3. e3 Be7 4. Bd3 b6 5. Nf3 Bb7 6. Nbd2 c5 7. c3 O-O 8. h4 d6 9. Qe2 Nc6 10. Ng5 h6 11. O-O-O Rc8 12. Kb1 a6 13. Nde4 Nd5 14.
dxc5 bxc5 15. Nxd6 Nxf4 16. exf4 Bxd6 17. Bh7+ Kh8 18.
Qh5 Qf6 19. g3 Ne7 20. Rxd6 Bxh1 21. Bc2 Rcd8 22. Rxd8 Rxd8 23. Nxf7+ Kg8 24. Nxd8 Nf5 25. Qe8+ Kh7 26. g4 Qxh4 27. Nxe6 Bd5 28. Bxf5+ 1-0

[Event "*** Titled Tuesday Blitz"]
[Site "Chess.com"]
[Date "2019.02.05"]
[Round "1"]
[White "Shant_Sargsyan"]
[Black "Godzillator"]
[Result "1-0"]
[WhiteElo "2817"]
[BlackElo "2399"]
[TimeControl "180+2"]
[EndTime "13:06:41 PST"]
[Termination "Shant_Sargsyan won by resignation"]

1. d4 d5 2. Nf3 Nf6 3. c4 c6 4. Nc3 a6 5. c5 Bg4 6. Ne5 Bf5 7. Bf4 Nbd7 8. e3 Nxe5 9. Bxe5 Nd7 10. Bg3 e5 11.
Be2 Be7 12. O-O O-O 13. b4 Bf6 14. a4 exd4 15. exd4 Re8 16. Re1 g6 17. Qd2 Bg7 18.
Bf1 Qf6 19. Red1 Qe7 20. b5 axb5 21. axb5 Rxa1 22. Rxa1 Qf6 23. Rd1 Nxc5 24. Nxd5 cxd5 25. dxc5 Rd8 26. Qa5 h5 27. h3 Kh7 28. c6 bxc6 29.
bxc6 h4 30. Bh2 Bc8 31. c7 Re8 32. Qxd5 Qc3 33. Qd8 Qc6 34. Qxh4+ Kg8 35. Rd8 Bf8 36. Rxe8 Qxe8 37. Qd8 Qe6 38. Bd6 Qxd6 39. Qxc8 Kg7 40. Qd8 Qf4 41. c8=Q 1-0

[Event "*** Titled Tuesday Blitz"]
[Site "Chess.com"]
[Date "2019.02.05"]
[Round "1"]
[White "AsaHoffmann"]
[Black "vovachesss"]
[Result "0-1"]
[WhiteElo "2217"]
[BlackElo "2580"]
[TimeControl "180+2"]
[EndTime "13:06:42 PST"]
[Termination "vovachesss won by resignation"]

1. d4 Nc6 2. Nf3 d6 3. e4 g6 4. Be3 Bg7 5. h3 e5 6. Nc3 exd4 7.
Nxd4 Nge7 8. Qd2 O-O 9. O-O-O a6 10. Nxc6 Nxc6 11. Bh6 b5 12. Bxg7 Kxg7 13. f3 Be6 14. h4 h5 15. Be2 Ne5 16. g4 hxg4 17.
fxg4 Nc4 18. Bxc4 bxc4 19. h5 Rh8 20. h6+ Kh7 21. g5 Rb8 22. Rhg1 f6 23. Qd4 Rf8 24. Rdf1 c5 25. Qd2 Qb6 26. b3 cxb3 27. axb3 c4 28.
Rxf6 Rxf6 29. gxf6 cxb3 30. Rf1 b2+ 31. Kb1 Qa5 0-1

[Event "*** Titled Tuesday Blitz"]
[Site "Chess.com"]
[Date "2019.02.05"]
[Round "1"]
[White "Entilza"]
[Black "Rodalquilar"]
[Result "0-1"]
[WhiteElo "2219"]
[BlackElo "2587"]
[TimeControl "180+2"]
[EndTime "13:06:43 PST"]
[Termination "Rodalquilar won by resignation"]

1. d4 d5 2. c4 dxc4 3. Nf3 Nf6 4. e3 g6 5. Bxc4 Bg7 6. O-O O-O 7. Nc3 Ne8 8. h3 Nd6 9. Bb3 b5 10. a3 Bb7 11. Qe2 a5 12. Rd1 b4 13. axb4 axb4 14. Rxa8 Bxa8 15. Na2 Nc6 16. Bd2 Qb8 17. Qe1 Na5 18.
Ba4 Nac4 19. b3 Nb2 20. Rb1 Nxa4 21. bxa4 b3 22. Nc1 b2 23. Nd3 Nc4 24. e4 Qb3 25. Nc5 Qc2 26. Bc3 Rb8 27. a5 Na3 28. Rxb2 Rxb2 29. Bxb2 Qxb2 30. Qd1 Nc2 31. d5 Nd4 32. Nd3 Qa2 33. Nxd4 Bxd4 34. Qg4 Qb1+ 35. Kh2 Qxd3 36.
Qc8+ Kg7 0-1

[Event "*** Titled Tuesday Blitz"]
[Site "Chess.com"]
[Date "2019.02.05"]
[Round "1"]
[White "NikolasTheiss"]
[Black "Babbelbox"]
[Result "1-0"]
[WhiteElo "2203"]
[BlackElo "2538"]
[TimeControl "180+2"]
[EndTime "13:06:46 PST"]
[Termination "NikolasTheiss won by resignation"]

1. e4 e6 2. d3 d5 3. Nd2 Nf6 4. g3 b6 5. Bg2 dxe4 6. Nxe4 Nxe4 7. Bxe4 c6 8. Ne2 Bd6 9. O-O O-O 10. b3 Be5 11. d4 Bf6 12. c4 Bb7 13. Bb2 Nd7 14. Nf4 Qc7 15. Nh5 Be7 16. d5 cxd5 17. cxd5 exd5 18.
Nxg7 dxe4 19. Nf5 Ne5 20. Rc1 Qb8 21. Nxe7+ Kh8 22. Qh5 f6 23. Bxe5 Qxe5 24. Ng6+ Kg7 25. Nxe5 fxe5 26. Rc7+ 1-0

[Event "*** Titled Tuesday Blitz"]
[Site "Chess.com"]
[Date "2019.02.05"]
[Round "1"]
[White "bilelou"]
[Black "PowerThinking2650"]
[Result "0-1"]
[WhiteElo "2591"]
[BlackElo "2254"]
[TimeControl "180+2"]
[EndTime "13:06:48 PST"]
[Termination "PowerThinking2650 won by checkmate"]

1. e4 e5 2. Nf3 Nc6 3. Bc4 Nf6 4.
d3 h6 5. Nc3 g6 6. d4 Qe7 7. d5 Nb8 8. a4 d6 9. a5 a6 10. b4 Bg7 11. h3 Nh5 12. g3 O-O 13. Be2 Nf6 14. Be3 c6 15. Nd2 cxd5 16. exd5 Nh7 17. Nc4 Nd7 18. Na4 f5 19. Nab6 Nxb6 20.
Nxb6 Rb8 21. Ra3 g5 22. f4 gxf4 23. gxf4 Qh4+ 24. Kf1 exf4 25. Bf2 Qf6 26. h4 Qf7 27. Bh5 Qe7 28. Bg6 Nf6 29. Rf3 Ne4 30. Rg1 Bd7 31. Bd4 Kh8 32. Bxf5 Bxf5 33. Bxg7+ Qxg7 34. Rxg7 Kxg7 35. Qd4+ Rf6 36. Rxf4 Rf8 37. Kg1 Kh7 38. Kh2 Rg8 39. Rxe4 Bxe4 40. Qxe4+ Kh8 41. Nd7 Rf2+ 42. Kh3 Rf1 43. Qd4+ Rg7 44. Nf6 Rh1# 0-1

[Event "*** Titled Tuesday Blitz"]
[Site "Chess.com"]
[Date "2019.02.05"]
[Round "1"]
[White "FMJoseHerrera"]
[Black "MateusViageiro"]
[Result "1-0"]
[WhiteElo "2553"]
[BlackElo "2182"]
[TimeControl "180+2"]
[EndTime "13:06:48 PST"]
[Termination "FMJoseHerrera won by resignation"]

1. Nf3 Nf6 2. g3 b6 3. Bg2 Bb7 4.
O-O g6 5. d3 Bg7 6. e4 d6 7. a4 a5 8. Nc3 O-O 9. Nb5 Nbd7 10. c3 e5 11. Bg5 h6 12. Bc1 Kh7 13. Re1 Re8 14. h3 d5 15. exd5 Bxd5 16. c4 Bc6 17. Ng5+ hxg5 18. Bxc6 Rb8 19. Bxg5 Re6 20. Bg2 c6 21. Nc3 Qc7 22. d4 exd4 23. Rxe6 fxe6 24. Qxd4 e5 25. Qh4+ Kg8 26. Rd1 Re8 27. Ne4 Nh7 28. Bh6 Bh8 29. Rd6 Ndf8 30. Bxf8 Nxf8 31. Nf6+ Bxf6 32.
Qxf6 e4 33. Rxc6 Qd7 34. Rxb6 Qd3 35. Qc3 Qd1+ 36. Kh2 Qxa4 37. Rb7 Ne6 38. Bxe4 1-0

[Event "*** Titled Tuesday Blitz"]
[Site "Chess.com"]
[Date "2019.02.05"]
[Round "1"]
[White "Tolya2"]
[Black "salomez"]
[Result "1-0"]
[WhiteElo "2525"]
[BlackElo "2123"]
[TimeControl "180+2"]
[EndTime "13:06:48 PST"]
[Termination "Tolya2 won on time"]

1. Nf3 Nf6 2. d4 g6 3. g3 Bg7 4. Bg2 d5 5. O-O O-O 6. c4 dxc4 7. Na3 Nc6 8. Nxc4 Be6 9. b3 Bd5 10. Bb2 a5 11. Ne3 Be4 12. a3 Qc8 13. Rc1 h6 14.
Nc4 Rd8 15. e3 Qe6 16. Qe2 g5 17. Rfe1 g4 18. Nfe5 Bxg2 19. Kxg2 b5 20. Nd2 Nxe5 21. dxe5 Ne8 22. Ne4 Qd5 23. Qxg4 h5 24. Qf3 Qxb3 25. Bd4 Qe6 26. Rc6 Qd5 27. Rec1 e6 28. R6c5 Qd7 29.
Qxh5 b4 30. axb4 axb4 31. Nf6+ Nxf6 32. exf6 1-0

[Event "*** Titled Tuesday Blitz"]
[Site "Chess.com"]
[Date "2019.02.05"]
[Round "1"]
[White "AttilaTurzo"]
[Black "GM_dmitrij"]
[Result "0-1"]
[WhiteElo "2383"]
[BlackElo "2769"]
[TimeControl "180+2"]
[EndTime "13:06:50 PST"]
[Termination "GM_dmitrij won by resignation"]

1. d4 Nf6 2. Nf3 e6 3. Bf4 c5 4. e3 d5 5. c3 Nc6 6. Nbd2 Bd6 7. Bg3 O-O 8. Bd3 b6 9. Qe2 Qc7 10. e4 dxe4 11. Nxe4 Nxe4 12. Bxe4 Bb7 13. dxc5 bxc5 14. O-O-O Bf4+ 15. Kb1 g6 16. Bxf4 Qxf4 17. g3 Qf6 18.
h4 Na5 19. Bxb7 Nxb7 20. h5 g5 21. h6 Rab8 22. Ka1 Rfd8 23. Rh5 g4 24. Rg5+ Kf8 25.
Rxg4 Rxd1+ 26. Qxd1 Rd8 27. Qe2 Qxh6 28. Kb1 Nd6 29.
Rh4 Qg6+ 30. Qc2 Nf5 31. Rf4 Ne3 32. Rxf7+ Kxf7 33. Ne5+ Kg7 34. Nxg6 Nxc2 35. Kxc2 hxg6 0-1

[Event "*** Titled Tuesday Blitz"]
[Site "Chess.com"]
[Date "2019.02.05"]
[Round "1"]
[White "Muracle"]
[Black "NotFischer"]
[Result "1-0"]
[WhiteElo "2521"]
[BlackElo "2120"]
[TimeControl "180+2"]
[EndTime "13:06:50 PST"]
[Termination "Muracle won by resignation"]

1. Nf3 Nf6 2. g3 g6 3. Bg2 Bg7 4. O-O d6 5. d4 O-O 6. b3 c6 7. Bb2 Bg4 8. Nbd2 Nbd7 9. h3 Bxf3 10. Nxf3 Qc7 11. Nd2 Rfe8 12. a4 a5 13. Nc4 Rad8 14.
Qe1 b6 15. Rd1 c5 16. dxc5 Nxc5 17. e4 Nfd7 18. Bxg7 Kxg7 19. Qc3+ Nf6 20. f4 Kg8 21. e5 Nfe4 22. Bxe4 Nxe4 23. Qe3 Qc5 24. Qxc5 dxc5 25.
Kg2 Nc3 26. Rxd8 Rxd8 27. Nxb6 Rd2+ 28. Rf2 Rd4 29. Nc4 Nxa4 30. Nxa5 Nc3 31. Nc4 Ne4 32.
Re2 Kg7 33. Kf3 Nc3 34. Rd2 Rxd2 35. Nxd2 f6 36. exf6+ Kxf6 37. Ne4+ Ke6 38. Nxc3 1-0

[Event "*** Titled Tuesday Blitz"]
[Site "Chess.com"]
[Date "2019.02.05"]
[Round "1"]
[White "BogdanDeac"]
[Black "fm_magua"]
[Result "0-1"]
[WhiteElo "2737"]
[BlackElo "2384"]
[TimeControl "180+2"]
[EndTime "13:06:54 PST"]
[Termination "fm_magua won by resignation"]

1. e4 c5 2. Nf3 Nc6 3. Nc3 g6 4. d4 cxd4 5. Nxd4 Bg7 6. Be3 Nf6 7. Bc4 O-O 8. Bb3 d6 9. f3 Bd7 10. Qd2 Rc8 11. g4 Ne5 12. g5 Nh5 13. Qe2 Qa5 14. O-O-O Rxc3 15. bxc3 Qa3+ 16. Kb1 Rc8 17. Bc1 Qa5 18. Bd2 Qb6 19. Rhg1 a5 20. Ka1 a4 21. Bd5 Nc6 22. Be3 Qa5 23. Qd2 Ne5 24. Rb1 Nxf3 25. Nxf3 Bxc3+ 26. Rb2 Bxd2 27. Bxd2 Qc5 28.
Rxb7 Be6 29. Bxe6 fxe6 30. Rxe7 Rf8 31. Rf1 Qc4 32. Rf2 Qxc2 33. Nd4 Qd1+ 0-1

[Event "*** Titled Tuesday Blitz"]
[Site "Chess.com"]
[Date "2019.02.05"]
[Round "1"]
[White "Storne89"]
[Black "MathiasWomacka"]
[Result "1-0"]
[WhiteElo "2576"]
[BlackElo "2219"]
[TimeControl "180+2"]
[EndTime "13:06:55 PST"]
[Termination "Storne89 won by resignation"]

1. e4 c5 2. Nf3 d6 3. d4 cxd4 4.
Nxd4 Nf6 5. Nc3 a6 6. h3 e6 7. g4 b5 8. Bg2 Bb7 9. g5 Nfd7 10. a3 Nc6 11. Nxc6 Bxc6 12. O-O Be7 13. f4 Rc8 14. h4 h6 15. Be3 hxg5 16. hxg5 g6 17. Qd2 Nb6 18. b3 Bb7 19. Ne2 e5 20. f5 Qc7 21. Rac1 Rh4 22. Ng3 Nd7 23. Qf2 Rh7 24. c4 bxc4 25. Rxc4 Qb8 26. Rxc8+ Qxc8 27. Rc1 Qb8 28. b4 Bd8 29. Ba7 Qa8 30. Rd1 Bc6 31.
Rxd6 Bc7 32. fxg6 fxg6 33. Rxg6 Rf7 34. Rg8+ Nf8 35. Qc5 Bd6 36. Qxd6 Qxa7+ 37. Qc5 Qxc5+ 38. bxc5 Kd7 39. g6 Rf4 40. g7 Ne6 41. Rd8+ 1-0

[Event "*** Titled Tuesday Blitz"]
[Site "Chess.com"]
[Date "2019.02.05"]
[Round "1"]
[White "HomayoonTofighi"]
[Black "GGX0X0"]
[Result "1-0"]
[WhiteElo "2725"]
[BlackElo "2334"]
[TimeControl "180+2"]
[EndTime "13:06:57 PST"]
[Termination "HomayoonTofighi won by resignation"]

1. e4 c6 2. Nf3 d5 3. Nc3 Nf6 4. e5 Ne4 5. Ne2 e6 6. d3 Nc5 7. d4 Ncd7 8. Nf4 Nb6 9. Bd3 c5 10. c3 Nc6 11. O-O Be7 12. Qe2 a5 13. dxc5 Bxc5 14. Nh5 Bf8 15. Nd4 Nd7 16. f4 Nc5 17.
Bc2 Qb6 18. Kh1 Bd7 19. Be3 Nxd4 20. cxd4 Na6 21. Rac1 Nb4 22. f5 Bb5 23. Qg4 Bxf1 24. Ba4+ Bb5 25. Bxb5+ Qxb5 26. fxe6 f5 27. Qxf5 Kd8 28.
Qf7 Rc8 29. Bg5+ 1-0

[Event "*** Titled Tuesday Blitz"]
[Site "Chess.com"]
[Date "2019.02.05"]
[Round "1"]
[White "idvidal"]
[Black "aa175"]
[Result "1-0"]
[WhiteElo "2475"]
[BlackElo "1932"]
[TimeControl "180+2"]
[EndTime "13:06:57 PST"]
[Termination "idvidal won by resignation"]

1. c4 e6 2. Nc3 c5 3. Nf3 Nc6 4. e3 Nf6 5. d4 d5 6. cxd5 Nxd5 7.
Nxd5 Qxd5 8. Be2 cxd4 9. exd4 Bb4+ 10. Bd2 Bxd2+ 11. Qxd2 O-O 12. O-O Rd8 13. Qf4 Nxd4 14. Nxd4 Qxd4 15. Rfd1 Qf6 16. Qxf6 Rxd1+ 17. Rxd1 gxf6 18.
Rd8+ Kg7 19. Bf3 Rb8 20. h4 e5 21. h5 f5 22. Bd5 b6 23. g3 e4 24. b4 a5 25. a3 axb4 26. axb4 b5 27. Bc6 Bb7 28. Rxb8 Bxc6 29. h6+ 1-0

[Event "*** Titled Tuesday Blitz"]
[Site "Chess.com"]
[Date "2019.02.05"]
[Round "1"]
[White "amiralfio"]
[Black "Korchmar_Vasiliy"]
[Result "0-1"]
[WhiteElo "2368"]
[BlackElo "2754"]
[TimeControl "180+2"]
[EndTime "13:06:58 PST"]
[Termination "Korchmar_Vasiliy won by resignation"]

1. d4 Nf6 2. Bf4 g6 3. Nc3 d5 4. e3 Bg7 5. h4 h5 6. Nf3 O-O 7.
Ne5 c5 8. Be2 Qb6 9. Qd2 Nc6 10.
Na4 Qb4 11. Nxc6 Qxa4 12. Nxe7+ Kh7 13. Nxc8 Raxc8 14. c3 Ne4 15. Qd1 Qd7 16. O-O c4 17. f3 Nd6 18. e4 dxe4 19. fxe4 Nxe4 20. Bf3 Rce8 21. Qc2 f5 22. Rae1 b5 23. Bxe4 fxe4 24.
Rxe4 Qf5 25. Re2 Qg4 26. Rxe8 Rxe8 27. Qf2 Re2 28. Qg3 Qxg3 29. Bxg3 Rxb2 30. a4 b4 31. cxb4 c3 32. b5 c2 33. Bf4 Rb1 34. Rc1 Bh6 0-1

[Event "*** Titled Tuesday Blitz"]
[Site "Chess.com"]
[Date "2019.02.05"]
[Round "1"]
[White "GrandGlacier"]
[Black "NateSolon"]
[Result "1-0"]
[WhiteElo "2167"]
[BlackElo "2523"]
[TimeControl "180+2"]
[EndTime "13:06:58 PST"]
[Termination "GrandGlacier won by resignation"]

1. e4 c5 2. Nf3 d6 3. d4 cxd4 4. Nxd4 Nf6 5. Nc3 Nc6 6. Bg5 Bd7 7. Bxf6 gxf6 8. Qd2 h5 9. Nb3 Bh6 10. f4 Rg8 11.
O-O-O Rc8 12. Kb1 Ne5 13. Nd5 Bc6 14. Qf2 Ng4 15. Qxa7 Bxd5 16. Rxd5 Qc7 17. Bd3 Bxf4 18. Rb5 Be3 19. Qxb7 Qxb7 20. Rxb7 Ne5 21. g3 h4 22.
gxh4 Rg2 23. Bb5+ Kf8 24. c3 Ng4 25. a4 Nf2 26. Re1 Bf4 27. a5 Rxh2 28. a6 Rxh4 29. a7 d5 30. e5 Bxe5 31. Rxe5 fxe5 32. Rb8 1-0

[Event "*** Titled Tuesday Blitz"]
[Site "Chess.com"]
[Date "2019.02.05"]
[Round "1"]
[White "MehdiHosseinipour"]
[Black "WorldChampionBulletChess"]
[Result "1-0"]
[WhiteElo "2518"]
[BlackElo "2114"]
[TimeControl "180+2"]
[EndTime "13:06:58 PST"]
[Termination "MehdiHosseinipour won by resignation"]

1. e4 d5 2. exd5 Qxd5 3. Nc3 Qd8 4. d4 Nf6 5. Bf4 e6 6. Qd2 Bd6 7. O-O-O Bxf4 8. Qxf4 Qd6 9. Qh4 Nbd7 10. Kb1 c6 11. Bd3 Nf8 12. Nge2 Ng6 13. Qg5 b5 14. f4 b4 15. Ne4 Nxe4 16. Bxe4 Bd7 17. h4 Qe7 18. Qg3 Qf6 19. h5 Ne7 20. Qb3 Rb8 21. g4 g6 22. g5 Qg7 23. Ng3 Nd5 24. Qf3 a5 25. Rhe1 Qf8 26. Bxd5 cxd5 27. Qxd5 Qe7 28. Qe5 Rg8 29.
Qxb8+ 1-0

[Event "*** Titled Tuesday Blitz"]
[Site "Chess.com"]
[Date "2019.02.05"]
[Round "1"]
[White "mjray79"]
[Black "Mostii"]
[Result "0-1"]
[WhiteElo "2073"]
[BlackElo "2502"]
[TimeControl "180+2"]
[EndTime "13:07:01 PST"]
[Termination "Mostii won by resignation"]

1. d4 e6 2. Nf3 b6 3. g3 Bb7 4.
Bg2 f5 5. c4 Nf6 6. Nc3 Bb4 7.
O-O Bxc3 8. bxc3 O-O 9. Bg5 h6 10. Bxf6 Qxf6 11. Rc1 d6 12. Qb3 Nd7 13. Ne5 dxe5 14.
Bxb7 Rab8 15. Bg2 e4 16. Rfd1 c5 17. d5 exd5 18. cxd5 Qd6 19. f3 exf3 20. exf3 f4 21. g4 Rfe8 22. Re1 Ne5 23. c4 Nf7 24. Qc3 Kf8 25.
Re4 Rxe4 26. fxe4 Re8 27. Rf1 g5 28. h4 Qe5 29. Qxe5 Nxe5 30. hxg5 hxg5 31. Rc1 Nxg4 32.
Bf3 Ne5 33. Kf2 Nd3+ 0-1